 Dungeon Sprint DCSS version 0.21.0-24-g2553a33 (webtiles) character file.

2957 letownia2 the Brawler (level 9, -1/145 HPs)
             Began as a Troll Wizard on Jan 20, 2018.
             Was an Initiate of Gozag.
             Slain by Agnes
             ... wielding a +4 vampiric lajatang
              (19 damage)
             ... in the Dungeon (Sprint IV: "Fedhas' Mad Dash").
             The game lasted 00:07:02 (1556 turns).

letownia2 the Brawler (Troll Wizard)                Turns: 1556, Time: 00:07:03

Health: -1/145     AC:  5    Str: 22    XL:     9   Next: 52%
Magic:  14/14      EV: 10    Int: 17    God:    Gozag
Gold:   1097       SH:  0    Dex: 12    Spells: 4/16 levels left

rFire    . . .     SeeInvis .     - Unarmed
rCold    . . .     Gourm    +   (no shield)
rNeg     . . .     Faith    .   a - +0 robe
rPois    +         Spirit   .   b - +0 hat
rElec    .         Reflect  .   (no cloak)
rCorr    +         Harm     .   (gloves unavailable)
MR       +....     NoTele   +   (boots unavailable)
Stlth    ..........             k - amulet of invisibility {+Inv}
HPRegen  0.74/turn              q - ring "Wyihyarph" {rPois MR+ Dex+4}
MPRegen  0.14/turn              r - ring of resist corrosion

@: berserking (expiring), very slightly contaminated, very quick
A: large, unfitting armour, claws 3, fast metabolism 3, gourmand, regeneration
1, shaggy fur 1, tough skin 2
a: Potion Petition, Call Merchant, Bribe Branch, Renounce Religion, Evoke
Invisibility


You were in the Dungeon.
You worshipped Gozag.
Gozag was most pleased with you.
You were very hungry.

You visited 1 branch You collected 1808 gold pieces.
You spent 711 gold pieces at shops.

Inventory:

Armour
 a - a +0 robe (worn)
 b - a +0 hat (worn)
Magical Staves
 d - an uncursed staff of power {unknown}
 o - an uncursed staff of fire
 p - a cursed staff of wizardry {unknown}
 s - an uncursed staff of conjuration {unknown}
Jewellery
 k - the amulet of invisibility (around neck) {+Inv}
   (You found it in the Dungeon)

   [amulet of nothing]

   It lets you turn invisible.
 q - the ring "Wyihyarph" (left claw) {rPois MR+ Dex+4}
   (You bought it in a shop in the Dungeon)

   [ring of poison resistance]

   It affects your dexterity (+4).
   It protects you from poison.
   It affects your resistance to hostile enchantments.
 r - a ring of resist corrosion (right claw)
Wands
 n - a wand of clouds (3)
Scrolls
 j - a scroll of blinking
 m - a scroll of enchant armour {unknown}
Potions
 e - a potion of curing
 f - a potion of heal wounds
 g - a potion of haste
 h - 2 potions of magic
 l - a potion of flight {unknown}
Books
 c - a book of Minor Magic

   Spells                             Type                      Level
   a - Magic Dart                     Conjuration                  1
   b - Blink                          Translocation                2
   c - Call Imp                       Summoning                    2
   d - Slow                           Hexes                        2
   e - Conjure Flame                  Conjuration/Fire             3
   f - Mephitic Cloud                 Conjuration/Poison/Air       3
 t - a book of Fire

   Spells                             Type                      Level
   a - Ignite Poison                  Fire/Transmutation/Poison    3
   b - Fireball                       Conjuration/Fire             5
   c - Bolt of Fire                   Conjuration/Fire             6
   d - Ring of Flames                 Charms/Fire                  7
   e - Ignition                       Fire                         8


   Skills:
 + Level 8.4 Fighting
 - Level 2.1 Dodging
 - Level 1.0 Stealth
 * Level 15.2 Unarmed Combat
 - Level 4.4 Spellcasting
 - Level 4.0 Conjurations
   Level 0.6 Summonings
 - Level 2.2 Translocations
 + Level 0.0 Transmutations
 - Level 3.0 Fire Magic
 - Level 2.7 Air Magic
 - Level 3.0 Poison Magic


You had 4 spell levels left.
You knew the following spells:

 Your Spells              Type           Power        Failure   Level  Hunger
a - Magic Dart            Conj           ###.         2%          1    None
b - Blink                 Tloc           N/A          9%          2    ##.....
c - Conjure Flame         Conj/Fire      ###.....     11%         3    ###....
e - Mephitic Cloud        Conj/Pois/Air  ###.....     12%         3    ###....
n - Ignite Poison         Fire/Tmut/Pois ##......     19%         3    ###....


Dungeon Overview and Level Annotations

Branches:
Dungeon (1/1)

Altars:
Cheibriados
Dithmenos
Elyvilon
Gozag
Hepliaklqana
Kikubaaqudgha
Makhleb
Nemelex Xobeh
Okawaru
Qazlal
Ru
Sif Muna
Trog
Uskayaw
Vehumet
Wu Jian
Xom
Yredelemnul
Zin
The Shining One
Beogh
Jiyva
Lugonu

Shops:
D ==[=

Annotations:
D Agnes


Innate Abilities, Weirdness & Mutations

You are too large for most types of armour.
You have claws for hands.
Your metabolism is lightning-fast.
You like to eat raw meat.
Your natural rate of healing is unusually fast.
You are covered in fur. (AC +1)
You have very tough skin. (AC +2)


Message History

Agnes the Wanderer comes into view.
She is wielding a vampiric lajatang.
Agnes shouts!
Okay, then.
A red film seems to cover your vision as you go berserk!
You feel yourself moving faster!
You feel mighty!
You feel a strong urge to attack something.
Agnes hits you with a vampiric lajatang.
You miss Agnes. You claw Agnes!
Agnes is lightly wounded.
Agnes hits you with a vampiric lajatang!!
You closely miss Agnes.
Agnes is lightly wounded.
Agnes hits you with a vampiric lajatang!!!
* * * LOW HITPOINT WARNING * * *
You claw Agnes! Your claw misses Agnes.
Agnes is moderately wounded.
Agnes hits you with a vampiric lajatang!!
You die...
Your body crumbles into a pile of gold.

###############################
.#.⌠._._._._.⌠.#..')).#....##∩#
.'.._._._._._..'..#...#....'..#
.#..._._._._...#..###'##...##∩#$$
##.._._._._._..#.(##∩∩.'...####
.#._._._._._.⌠.#############
.##################
##♣♣♣♣♣..♣(###.'..+
'......♣..♣##..#@.#
#♣..♣♣♣.♣).###.##i#
#.♣♣.)♣...♣'...# .♣
################ .. ..♣ ... ....
####


You could see Agnes.

Vanquished Creatures
  A spriggan druid (D)
  3 oklob plants (D)
  3 burning bushes (D)
  A queen bee (D)
  2 scorpions (D)
  2 killer bees (D)
  3 wandering mushrooms (D)
  5 oklob saplings (D)
  A worker ant (D)
  2 spriggans (D)
  A river rat (D)
  A rat (D)
25 creatures vanquished.

Vanquished Creatures (collateral kills)
  2 killer bees (D)
2 creatures vanquished.

Vanquished Creatures (others)
  A ballistomycete spore (D)
1 creature vanquished.

Grand Total: 28 creatures vanquished

Notes
Turn   | Place    | Note
-------+----------+-------------------------------------------
     0 | D        | letownia2 the Troll Wizard began the quest for the Orb.
     0 | D        | Reached XP level 1. HP: 16/16 MP: 2/2
    10 | D        | Reached skill level 1 in Fighting
    10 | D        | Reached skill level 3 in Unarmed Combat
    10 | D        | Reached XP level 2. HP: 11/28 MP: 4/4
    51 | D        | Noticed an oklob sapling
   199 | D        | Killed an oklob sapling
   199 | D        | Reached skill level 4 in Unarmed Combat
   199 | D        | Reached XP level 3. HP: 35/35 MP: 6/6
   204 | D        | Learned a level 3 spell: Mephitic Cloud
   208 | D        | Learned a level 3 spell: Conjure Flame
   210 | D        | Found the amulet of invisibility {+Inv}
   212 | D        | Reached skill level 1 in Conjurations
   212 | D        | Reached skill level 1 in Fire Magic
   212 | D        | Reached skill level 1 in Air Magic
   212 | D        | Reached skill level 1 in Poison Magic
   229 | D        | Found an opulent altar of Gozag.
   229 | D        | Found a hazy altar of Hepliaklqana.
   229 | D        | Found a burning altar of Makhleb.
   229 | D        | Found a roughly hewn altar of Beogh.
   229 | D        | Found a sparkling altar of Nemelex Xobeh.
   229 | D        | Found a snail-covered altar of Cheibriados.
   229 | D        | Found a sacrificial altar of Ru.
   229 | D        | Found a deep blue altar of Sif Muna.
   229 | D        | Found a shimmering altar of Xom.
   229 | D        | Found a basalt altar of Yredelemnul.
   232 | D        | Found a viscous altar of Jiyva.
   232 | D        | Found a bloodstained altar of Trog.
   232 | D        | Found an ornate altar of the Wu Jian Council.
   232 | D        | Noticed an oklob sapling priest
   233 | D        | Found an iron altar of Okawaru.
   233 | D        | Found a shadowy altar of Dithmenos.
   233 | D        | Found a glowing silver altar of Zin.
   234 | D        | Found an ancient bone altar of Kikubaaqudgha.
   234 | D        | Found a hide-covered altar of Uskayaw.
   235 | D        | Found a stormy altar of Qazlal.
   235 | D        | Found a white marble altar of Elyvilon.
   235 | D        | Found a glowing golden altar of the Shining One.
   236 | D        | Became a worshipper of Gozag Ym Sagoz the Greedy
   237 | D        | Found a corrupted altar of Lugonu.
   237 | D        | Found a radiant altar of Vehumet.
   243 | D        | Killed an oklob sapling priest
   243 | D        | Reached XP level 4. HP: 26/42 MP: 5/7
   265 | D        | Reached XP level 5. HP: 44/49 MP: 8/8
   405 | D        | Reached skill level 5 in Unarmed Combat
   467 | D        | Learned a level 2 spell: Blink
   471 | D        | Reached skill level 6 in Unarmed Combat
   471 | D        | Reached skill level 1 in Translocations
   524 | D        | Noticed a queen bee
   534 | D        | Reached XP level 6. HP: 54/57 MP: 2/10
   535 | D        | Reached skill level 7 in Unarmed Combat
   542 | D        | Killed a queen bee
   542 | D        | Reached skill level 9 in Unarmed Combat
   542 | D        | Reached XP level 7. HP: 47/65 MP: 3/12
   607 | D        | Noticed a burning bush
   618 | D        | Killed a burning bush
   618 | D        | Reached skill level 10 in Unarmed Combat
   639 | D        | Noticed an oklob plant
   720 | D        | Killed an oklob plant
   720 | D        | Reached skill level 5 in Fighting
   720 | D        | Reached skill level 12 in Unarmed Combat
   720 | D        | Reached XP level 8. HP: 30/80 MP: 11/13
   801 | D        | Noticed a burning bush
   801 | D        | Noticed an oklob plant
   802 | D        | Noticed a wandering mushroom
   834 | D        | Found Icarareb's Jewellery Shop.
   835 | D        | Found Xewnamor's Jewellery Emporium.
   845 | D        | Noticed a burning bush
   845 | D        | Noticed a wandering mushroom
   957 | D        | Noticed a wandering mushroom
  1103 | D        | Killed a burning bush
  1183 | D        | Found Gokif's Jewellery Emporium.
  1183 | D        | Found Jafodd's Antique Armour Shoppe.
  1202 | D        | Bought the ring "Wyihyarph" {rPois MR+ Dex+4} for 451 gold pieces
  1220 | D        | Bought an uncursed ring of resist corrosion for 260 gold pieces
  1377 | D        | Killed a burning bush
  1377 | D        | Reached skill level 13 in Unarmed Combat
  1469 | D        | Killed an oklob plant
  1469 | D        | Reached skill level 14 in Unarmed Combat
  1469 | D        | Reached XP level 9. HP: 93/93 MP: 12/14
  1510 | D        | Noticed a spriggan druid
  1511 | D        | Killed a spriggan druid
  1511 | D        | Reached skill level 15 in Unarmed Combat
  1524 | D        | Noticed an oklob plant conjurer
  1528 | D        | Killed an oklob plant conjurer
  1540 | D        | Learned a level 3 spell: Ignite Poison
  1549 | D        | Noticed Agnes
  1556 | D        | Slain by Agnes

Skill      XL: |  1  2  3  4  5  6  7  8  9 |
---------------+----------------------------+-----
Fighting       | 1 2 5 7 8 |  8.4
Unarmed Combat | 3 4 6 9 12 14 15 | 15.2
Conjurations   | 2 3 4 |  4.0
Fire Magic     | 2 3 |  3.0
Air Magic      | 2 |  2.7
Poison Magic   | 2 3 |  3.0
Spellcasting   | 3 4 |  4.4
Dodging        | 2 |  2.1
Translocations | 1 2 |  2.2
Stealth        | |  1.0
Summonings     | |  0.6

Action                   |  1- 3 |  4- 6 |  7- 9 || total
-------------------------+-------+-------+-------++-------
Melee: Unarmed           |    18 |    17 |    60 ||    95
       Punch             |       |       |     4 ||     4
 Cast: Mephitic Cloud    |       |     2 |       ||     2
       Blink             |       |       |     1 ||     1
 Abil: Evoke Invisibilit |     1 |       |     2 ||     3
Evoke: Wand              |       |     1 |       ||     1
  Use: Potion            |       |       |     1 ||     1
 Stab: Invisible         |     2 |       |     3 ||     5
       Sleeping          |     1 |     1 |     1 ||     3
       Confused          |       |     1 |       ||     1
  Eat: Chunk             |     1 |       |       ||     1
       Ration            |       |     1 |     2 ||     3
Armor: Robe              |       |       |     2 ||     2
Dodge: Dodged            |     5 |     2 |     7 ||    14
